 Dungeon Crawl Stone Soup version 0.30.1-11-g7821555f0a (webtiles) character file.

Game seed: 1787332358536315983

154 Kwame the Stinger (level 5, -1/40 HPs)
             Began as a Draconian Venom Mage on Nov 23, 2023.
             Slain by a black bear (4 damage)
             ... on level 4 of the Dungeon.
             The game lasted 00:06:20 (1160 turns).

Kwame the Stinger (Draconian Venom Mage)            Turns: 1160, Time: 00:06:20

Health: -1/40      AC:  5    Str: 10    XL:     5   Next: 13%
Magic:  1/9        EV: 12    Int: 17    God:
Gold:   64         SH:  0    Dex: 12    Spells: 3/9 levels left

rFire   . . .        a - +2 sling (drain)
rCold   . . .        (no shield)
rNeg    . . .        (body armour unavailable)
rPois   .            (helmet restricted)
rElec   .            (no cloak)
rCorr   .            (no gloves)
SInv    .            (no boots)
Will    .....        (no amulet)
Stlth   ++           (no ring)
HPRegen 0.26/turn    (no ring)
MPRegen 0.11/turn

%: no passive effects
@: no status effects
A: AC +5, unfitting armour, cold-blooded
a: no special abilities


You were on level 4 of the Dungeon.
You visited 1 branch of the dungeon, and saw 4 of its levels.

You collected 64 gold pieces.

Inventory:

Hand Weapons
 a - a +2 sling of draining (weapon)
 b - a +0 dagger
Scrolls
 g - a scroll of identify
Potions
 c - a potion of brilliance {unknown}
 d - a potion of might {unknown}
 f - a potion of flight


   Skills:
 * Level 1.2 Fighting
 * Level 1.0 Short Blades
 * Level 0.7 Ranged Weapons
 * Level 2.2 Dodging
 * Level 2.1 Stealth
 * Level 2.7 Spellcasting
 * Level 0.4 Conjurations
 * Level 1.4 Transmutations
 * Level 0.7 Air Magic
 * Level 4.0 Poison Magic


You had 3 spell levels left.
You knew the following spells:

 Your Spells              Type           Power      Damage    Failure   Level
a - Sting                 Tmut/Pois      44%        1d5       6%          1
b - Poisonous Vapours     Pois/Air       20%        N/A       11%         2
c - Mephitic Cloud        Conj/Pois/Air  8%         N/A       26%         3

Your spell library contained the following spells:

 Spells                   Type           Power      Damage    Failure   Level
 Wereblood                Tmut           7%         N/A       16%         2
 Freeze                   Ice            8%         1d3       19%         1
 Sublimation of Blood     Necr           2%         N/A       26%         2
 Hailstorm                Conj/Ice       3%         3d3       45%         3
 Frozen Ramparts          Ice            4%         1d1       47%         3
 Olgreb's Toxic Radiance  Pois           16%        N/A       34%         4
 Summon Hydra             Summ           1%         N/A       100%        7


Dungeon Overview and Level Annotations

Branches:
Dungeon (4/15)
 Temple: D:4-7

Altars:

Annotations:
D:4 Robin


Innate Abilities, Weirdness & Mutations

Your plain brown scales are hard. (AC +5)
You cannot fit into any form of body armour.
You are cold-blooded and may be slowed by cold attacks.


Message History

a +0 whip; a +0 chain mail Fire: a) +2 sling (drain)
Press: ? - help, Q - select action, (/) - cycle Shift-Dir - straight line, f/p - black bear
Aim: a black bear (heavily wounded, very poisoned, 64% to hit)
You shoot a sling bullet. The sling bullet hits the black bear.
The black bear is heavily wounded.
The black bear bites you but does no damage.
The black bear claws you but does no damage.
The black bear barely misses you.
Fire: a) +2 sling (drain)
Press: ? - help, Q - select action, (/) - cycle Shift-Dir - straight line, f/p - black bear
Aim: a black bear (heavily wounded, poisoned, 64% to hit)
You shoot a sling bullet. The sling bullet hits the black bear.
The black bear is severely wounded.
The black bear bites you. The black bear claws you.
The black bear claws you but does no damage.
Casting: Poisonous Vapours (safe; 11% risk of failure)
Confirm with . or Enter, or press ? or * to list all spells.
Aiming: Poisonous Vapours (safe; 11% risk of failure)
Press: ? - help, Dir - move target, f/p - black bear
Aim: a black bear (severely wounded, poisoned) Poisonous vapours surround the black bear!
The black bear looks even sicker.
The black bear goes berserk!
Unknown command.
You feel better. The black bear misses you. The black bear claws you. x2
The black bear bites you. The black bear closely misses you.
The black bear misses you.
Casting: Poisonous Vapours (safe; 11% risk of failure)
Confirm with . or Enter, or press ? or * to list all spells.
Aiming: Poisonous Vapours (safe; 11% risk of failure)
Press: ? - help, Dir - move target, f/p - black bear
Aim: a black bear (almost dead, berserk, very poisoned) Poisonous vapours surround the black bear!
The black bear looks even sicker.
The black bear closely misses you. The black bear barely misses you.
The black bear closely misses you.
Unknown command.
The black bear bites you!
* * * LOW HITPOINT WARNING * * *
The black bear claws you.
You die...

#.........
#........$
#####....#
......)<.#
######)#..gggg
#)####### #)#
#.############
#.)..)..).h@.#
############.#
#.# ##### #.#
#...# #.#
#...# #.#
#...##### #.#
#.......# #.#
#.......###.#


You could see a black bear (berserk, very poisoned).

Vanquished Creatures
  A scorpion (D:4)
  Natasha (D:3)
  4 adders
  5 orcs (D:4)
  A bat (D:2)
  2 endoplasms
  7 goblins
  3 hobgoblins
  4 kobolds
  A quokka (D:4)
  2 ball pythons
  A frilled lizard (D:2)
32 creatures vanquished.

Notes
Turn   | Place    | Note
-------+----------+-------------------------------------------
     0 | D:1      | Kwame the Draconian Venom Mage began the quest for the Orb.
     0 | D:1      | Reached XP level 1. HP: 14/14 MP: 3/3
   223 | D:1      | Reached XP level 2. HP: 22/22 MP: 1/5
   226 | D:1      | Learned a level 2 spell: Poisonous Vapours
   553 | D:2      | Reached XP level 3. HP: 21/27 MP: 1/6
   679 | D:3      | Noticed Natasha
   694 | D:3      | Killed Natasha
   695 | D:3      | Reached XP level 4. HP: 21/34 MP: 2/7
   714 | D:4      | Reached skill level 1 in Fighting
   718 | D:4      | Learned a level 3 spell: Mephitic Cloud
   786 | D:4      | Noticed a scorpion
   792 | D:4      | Killed a scorpion
   793 | D:4      | Reached skill level 1 in Short Blades
   793 | D:4      | Reached XP level 5. HP: 25/40 MP: 3/9
   902 | D:4      | Noticed Robin
  1061 | D:4      | Reached skill level 4 in Poison Magic
  1109 | D:4      | Noticed a black bear
  1160 | D:4      | Slain by a black bear

Illustrated notes

Levels and vault maps discovered:
D:1:      onia_arrival_mini_spirals, layout_loops_ring, minmay_tromino_v4_b
D:2:      layout_rooms, roderic_lattice_a, serial_bayou_lagoon_a
D:3:      layout_basic, serial_shops, nicolae_shop_bloodbath_and_beyond,
          gammafunk_ghost_smash, hellmonk_ecumenical_altar_heavens_door,
          patterned_corridor, uniq_natasha, uniq_ijyb
D:4:      minmay_general_purpose_star, layout_basic, serial_shops,
          nicolae_shop_rolling_square, uniq_robin

Skill      XL: |  1  2  3  4  5 |
---------------+----------------+-----
Dodging        | 2 |  2.2
Stealth        | 2 |  2.1
Fighting       | 1 |  1.2
Short Blades   | 1 |  1.0
Poison Magic   | 4 |  4.0
Ranged Weapons | |  0.7
Spellcasting   | |  2.7
Conjurations   | |  0.4
Transmutations | |  1.4
Air Magic      | |  0.7

Action                     |  1- 3 |  4- 6 || total
---------------------------+-------+-------++-------
  Melee: Dagger            |    13 |       ||    13
         Tailslap          |     1 |       ||     1
         Punch             |     1 |       ||     1
   Fire: Sling             |     7 |    24 ||    31
   Cast: Sting             |    14 |     2 ||    16
         Poisonous Vapours |    12 |    13 ||    25
    Use: Potion            |     1 |     1 ||     2
         Scroll            |       |     1 ||     1
 Armour: Skin              |    15 |     9 ||    24
  Dodge: Dodged            |    32 |    22 ||    54
